 Dungeon Sprint DCSS version 0.22.2-1-ge965b3a (webtiles) character file.

3300000 Fang the Conqueror (level 21, -32/204 HPs)
             Began as a Demonspawn Gladiator on Apr 3, 2019.
             Was the Champion of Makhleb.
             Annihilated by The Servant
             ... wielding a +9 glaive of flaming
              (90 damage)
             ... in the Dungeon (Sprint VIII: "Arena of Blood").
             The game lasted 00:00:43 (33 turns).

Fang the Conqueror (Demonspawn Gladiator)             Turns: 33, Time: 00:00:43

Health: -32/204    AC:  6    Str: 28    XL:     21   Next: 74%
Magic:  45/48      EV: 40    Int: 12    God:    Makhleb [******]
Gold:   0          SH:  0    Dex: 19    Spells: 67/67 levels left

rFire    . . .     SeeInvis +   l - +∞ Axe of Woe
rCold    . . .     Gourm    .   (shield currently unavailable)
rNeg     . . .     Faith    .   b - +0 leather armour
rPois    .         Spirit   .   (helmet unavailable)
rElec    .         Reflect  .   (no cloak)
rCorr    .         Harm     .   (no gloves)
MR       +....     NoTele   +   (no boots)
Stlth    +++++++++.             (no amulet)
HPRegen  0.44/turn              (no ring)
MPRegen  0.31/turn              (no ring)

@: mighty, agile
A: antennae 3, powered by pain 3, spiny 3, sturdy frame 3
a: Minor Destruction, Lesser Servant of Makhleb, Major Destruction, Greater
Servant of Makhleb, Renounce Religion


You were in the Dungeon.
You worshipped Makhleb.
Makhleb was exalted by your worship.
You were not hungry.

You visited 1 branch

Inventory:

Hand Weapons
 a - a +0 war axe
 l - the +∞ Axe of Woe (weapon)
   (You found it in the Dungeon)
Missiles
 d - 3 throwing nets (quivered)
Armour
 b - a +0 leather armour (worn)
 c - a +0 helmet
Scrolls
 k - a scroll of blinking
Potions
 e - a potion of curing
 g - a potion of heal wounds
 h - a potion of haste
 i - 2 potions of magic
 j - a potion of berserk rage
Comestibles
 f - a ration


   Skills:
 O Level 27 Fighting
 O Level 27 Axes
 O Level 27 Throwing
 + Level 23.7 Armour
 O Level 27 Dodging
 + Level 25.4 Stealth
 + Level 23.7 Unarmed Combat
 + Level 23.7 Spellcasting
 O Level 27 Invocations


You had 67 spell levels left.
You didn't know any spells.
Your spell library was empty.

Dungeon Overview and Level Annotations

Branches:
Dungeon (1/1)

Altars:
Makhleb

Annotations:
D The Servant


Innate Abilities, Weirdness & Mutations

You have a pair of large antennae on your head. (SInv)
You are powered by pain.
You are completely covered in sharp spines.
Your movements are significantly less encumbered by armour. (ER -6)


Message History

You kill the meat berserker!
Makhleb accepts your kill.
Your Armour skill increases to level 23!
Your Stealth skill increases to level 25!
Your Unarmed Combat skill increases to level 23!
Your Spellcasting skill increases to level 23!
You hear a shout! x9
Unknown command.
You are too injured to fight recklessly!
A meat berserker comes into view. It is wielding a +9 battleaxe.
You hear a shout! x4
A bag of meat comes into view. It is wielding a +9 war axe.
You hear a shout! x4
The meat berserker moves out of view.
Things that are here:
a +9 war axe; a +30 ring of slaying A large bag of meat comes into view.
It is wielding a +9 giant spiked club.
You hear a shout! x6
The Servant hits you with a +9 glaive of flaming!!!!
You die...

{o.............
o............
o...........
...........
{..........
#)).....# .#.o
#)o.....#
....O###))@....###.
..o....O)@###......
..#...).).._.......
#.......#.....#....
........#_.<._# .
#.......#O....#
..#........_.....
.........o###......
....###... ..###.
#... ..#


You could see The Servant, a large bag of meat (inner flame), 2 meat berserkers
and 3 bags of meat.

Vanquished Creatures
  A vampire knight (D)
  7 ogres (D)
  19 orcs (D)
27 creatures vanquished.

Notes
Turn   | Place    | Note
-------+----------+-------------------------------------------
     0 | D        | Found the +∞ Axe of Woe
     0 | D        | Fang the Demonspawn Gladiator began the quest for the Orb.
     0 | D        | Reached XP level 1. HP: 16/16 MP: 1/1
     4 | D        | Became a worshipper of Makhleb the Destroyer
     4 | D        | Noticed a bag of meat
     5 | D        | Noticed a bag of meat
     5 | D        | Noticed a bag of meat
     6 | D        | Noticed a bag of meat
     7 | D        | Noticed a bag of meat
     9 | D        | Noticed a bag of meat
    10 | D        | Noticed a bag of meat
    10 | D        | Noticed a bag of meat
    11 | D        | Killed a bag of meat
    11 | D        | Gained mutation: You sometimes gain a little power by
                  | taking damage. [demonic ancestry]
    11 | D        | Reached XP level 2. HP: 43/43 MP: 2/2
    11 | D        | Gained mutation: You have a pair of small antennae on your
                  | head. [demonic ancestry]
    11 | D        | Reached XP level 3. HP: 49/49 MP: 3/3
    11 | D        | Reached XP level 4. HP: 56/56 MP: 4/4
    11 | D        | Reached XP level 5. HP: 62/62 MP: 5/5
    11 | D        | Gained mutation: You are partially covered in sharp spines.
                  | [demonic ancestry]
    11 | D        | Reached XP level 6. HP: 69/69 MP: 6/6
    11 | D        | Reached XP level 7. HP: 75/75 MP: 7/7
    11 | D        | Gained mutation: You are mostly covered in sharp spines.
                  | [demonic ancestry]
    11 | D        | Reached XP level 8. HP: 82/82 MP: 8/8
    11 | D        | Gained mutation: You have a pair of antennae on your head.
                  | [demonic ancestry]
    11 | D        | Reached XP level 9. HP: 88/88 MP: 9/9
    11 | D        | Gained mutation: Your movements are slightly less
                  | encumbered by armour. (ER -2) [demonic ancestry]
    11 | D        | Reached XP level 10. HP: 95/95 MP: 10/10
    11 | D        | Gained mutation: Your movements are less encumbered by
                  | armour. (ER -4) [demonic ancestry]
    11 | D        | Reached XP level 11. HP: 101/101 MP: 11/11
    11 | D        | Noticed a bag of meat
    11 | D        | Noticed a bag of meat
    11 | D        | Noticed a bag of meat
    12 | D        | Killed a bag of meat
    12 | D        | Reached * piety under Makhleb
    12 | D        | Reached skill level 15 in Axes
    12 | D        | Reached skill level 15 in Throwing
    12 | D        | Reached skill level 15 in Dodging
    12 | D        | Gained mutation: You are completely covered in sharp
                  | spines. [demonic ancestry]
    12 | D        | Reached XP level 12. HP: 85/113 MP: 12/12
    12 | D        | Killed a bag of meat
    12 | D        | Gained mutation: You have a pair of large antennae on your
                  | head. (SInv) [demonic ancestry]
    12 | D        | Reached XP level 13. HP: 122/122 MP: 13/13
    12 | D        | Killed a bag of meat
    12 | D        | Gained mutation: You sometimes gain power by taking damage.
                  | [demonic ancestry]
    12 | D        | Reached XP level 14. HP: 133/133 MP: 14/14
    12 | D        | Noticed a bag of meat
    12 | D        | Noticed a bag of meat
    12 | D        | Noticed a meat berserker
    13 | D        | Killed a bag of meat
    13 | D        | Reached ** piety under Makhleb
    13 | D        | Noticed a meat berserker
    14 | D        | Killed a bag of meat
    14 | D        | Reached XP level 15. HP: 144/144 MP: 15/15
    15 | D        | Noticed a meat berserker
    16 | D        | Killed a meat berserker
    16 | D        | Reached *** piety under Makhleb
    16 | D        | Reached XP level 16. HP: 96/157 MP: 16/16
    16 | D        | Noticed a meat berserker
    18 | D        | Killed a meat berserker
    18 | D        | Reached **** piety under Makhleb
    18 | D        | Gained mutation: You are powered by pain. [demonic
                  | ancestry]
    18 | D        | Reached XP level 17. HP: 167/171 MP: 17/17
    19 | D        | Killed a meat berserker
    19 | D        | Reached skill level 27 in Fighting
    19 | D        | Gained mutation: Your movements are significantly less
                  | encumbered by armour. (ER -6) [demonic ancestry]
    19 | D        | Reached XP level 18. HP: 182/182 MP: 18/18
    19 | D        | Reached skill level 27 in Axes
    19 | D        | Reached ***** piety under Makhleb
    19 | D        | Reached skill level 27 in Throwing
    19 | D        | Reached skill level 27 in Dodging
    19 | D        | Reached skill level 5 in Armour
    19 | D        | Reached skill level 5 in Unarmed Combat
    19 | D        | Reached skill level 5 in Spellcasting
    19 | D        | Noticed a meat berserker
    20 | D        | Noticed a meat berserker
    21 | D        | Killed a meat berserker
    21 | D        | Reached skill level 10 in Armour
    21 | D        | Reached skill level 10 in Unarmed Combat
    21 | D        | Reached skill level 10 in Spellcasting
    21 | D        | Reached XP level 19. HP: 166/189 MP: 26/33
    24 | D        | Reached skill level 15 in Stealth
    24 | D        | Reached skill level 15 in Armour
    24 | D        | Reached skill level 15 in Unarmed Combat
    24 | D        | Reached skill level 15 in Spellcasting
    25 | D        | Reached XP level 20. HP: 197/197 MP: 27/41
    26 | D        | Noticed a destroyer
    26 | D        | Noticed a meat berserker
    27 | D        | Killed a meat berserker
    27 | D        | Reached ****** piety under Makhleb
    27 | D        | Killed a meat berserker
    28 | D        | Noticed a meat berserker
    29 | D        | Killed a destroyer
    29 | D        | Reached skill level 27 in Invocations
    29 | D        | Reached XP level 21. HP: 13/204 MP: 44/46
    30 | D        | Noticed The Servant
    33 | D        | Noticed a large bag of meat
    33 | D        | Annihilated by The Servant

Skill      XL: |  1  2  3  4  5  6  7  8  9 10 11 12 13 14 15 16 17 18 19 20 21 |
---------------+----------------------------------------------------------------+-----
Fighting       | 14 16 18 19 21 23 26 27 | 27.0
Axes           | 13 15 17 18 19 22 24 26 27 | 27.0
Throwing       | 13 15 16 18 19 21 24 26 27 | 27.0
Dodging        | 13 15 17 18 19 22 24 26 27 | 27.0
Armour         | 10 17 21 23 | 23.7
Stealth        | 11 18 23 25 | 25.4
Unarmed Combat | 10 17 21 23 | 23.7
Spellcasting   | 10 17 21 23 | 23.7
Invocations    | 14 22 27 | 27.0

Action                   |  1- 3 |  4- 6 |  7- 9 | 10-12 | 13-15 | 16-18 | 19-21 || total
-------------------------+-------+-------+-------+-------+-------+-------+-------++-------
Melee: Executioner's axe |     1 |       |       |     1 |     4 |     4 |     7 ||    17
Dodge: Dodged            |       |       |       |       |       |       |     2 ||     2
